 Dungeon Sprint DCSS version 0.17-a0-2115-g0d8b93e (webtiles) character file.

900000 Ordine the Axe Maniac (level 11, 0/97 HPs)
             Began as a Deep Dwarf Warper on Oct 19, 2015.
             Was an Initiate of Makhleb.
             Slain by a meat berserker
             ... wielding a +9 battleaxe
              (61 damage)
             ... in the Dungeon (Sprint VIII: "Arena of Blood").
             The game lasted 00:01:09 (9 turns).

Ordine the Axe Maniac (Deep Dwarf Warper)              Turns: 9, Time: 00:01:09

Health: 0/97       AC:  3    Str: 15    XL:     11   Next: 71%
Magic:  13/13      EV: 12    Int: 14    God:    Makhleb [......]
Gold:   0          SH:  0    Dex: 15    Spells: 1 memorised, 12 levels left

rFire  . . .     SeeInvis .     l - +∞ Axe of Woe
rCold  . . .     Clarity  .     a - +0 leather armour
rNeg   . . .     SustAt   .     (no shield)
rPois  .         Gourm    .     (no helmet)
rElec  .         Spirit   .     (no cloak)
rCorr  .         Warding  .     (no gloves)
rMut   .         NoTele   +     (no boots)
MR     +....                    (no amulet)
Stlth  +.........               (no ring)
                                (no ring)

@: non-regenerating, somewhat resistant to hostile enchantments, very unstealthy
A: damage resistance, recharge devices, sense surroundings 2, slow regeneration
3
a: Device Recharging, Renounce Religion


You were in the Dungeon.
You worshipped Makhleb.
Makhleb was noncommittal.
You were not hungry.

You visited 1 branch

Inventory:

Hand Weapons
 l - the +∞ Axe of Woe (weapon)
   (You found it in the Dungeon)
Missiles
 d - 5 tomahawks of dispersal (quivered)
Armour
 a - a +0 leather armour (worn)
Wands
 e - a wand of heal wounds (5)
Scrolls
 c - 2 scrolls of blinking
Potions
 g - a potion of curing
 h - a potion of heal wounds
 i - a potion of haste
 j - 2 potions of magic
 k - a potion of berserk rage
Books
 b - a book of Spatial Translocations

   Spells                             Type                      Level
   a - Apportation                    Translocation                1
   b - Blink                          Translocation                2
   c - Shroud of Golubria             Charms/Translocation         2
   d - Portal Projectile              Translocation                3
   e - Teleport Other                 Translocation                3
   f - Passage of Golubria            Translocation                4
Comestibles
 f - a bread ration


   Skills:
 + Level 6.2 Fighting
 O Level 27 Axes
 - Level 0.8 Throwing
 - Level 1.1 Armour
 - Level 2.1 Dodging
 - Level 1.7 Unarmed Combat
 - Level 1.7 Spellcasting
 - Level 3.2 Translocations


You had 12 spell levels left.
You knew the following spells:

 Your Spells              Type           Power        Failure   Level  Hunger
a - Apportation           Tloc           ##........   10%         1    ##.....


Dungeon Overview and Level Annotations

Branches:
Dungeon (1/1)

Altars:
Makhleb


Innate Abilities, Weirdness & Mutations

You are resistant to damage.
You can recharge devices by infusing magical energy.
You passively map the area around you.
You do not regenerate naturally.


Message History

You feel clever.
You have reached level 5!
You have reached level 6!
Your experience leads to an increase in your attributes!
Increase (S)trength, (I)ntelligence, or (D)exterity?
You feel agile.
You have reached level 7!
You have reached level 8!
You feel stronger.
You have reached level 9!
Your experience leads to an increase in your attributes!
Increase (S)trength, (I)ntelligence, or (D)exterity?
You feel agile.
Your attunement to dungeon structure grows.
You have reached level 10!
You have reached level 11!
You hear a shout! x7
The meat berserker hits you with a +9 battleaxe!!!
Ouch! That really hurt!
You die...

, , , , , , ,..,
..... , , ,, #..
...# , , #..,
...#, ,. ,, * ,
.###..,,...###..
,, , , , ,
......###......
, , ,
......_..... ,,,
, , , #....o# ,
,, * , , ,.
#_.oO@# , .,,,
,, *
,....#....)#....
, ,
......._.o.....,
, ,,, , ,
......###......
, * * * ,.###..
...###.. , *
,,#.. ...# . , ,
, , #.,, ...# ,
,, *, .. .....
,, , , , .. .. *


You could see a meat berserker (berserk) and 3 bags of meat.

Vanquished Creatures
  An orc (D)
1 creature vanquished.

Notes
Turn   | Place    | Note
--------------------------------------------------------------
     0 | D        | Ordine the Deep Dwarf Warper began the quest for the Orb.
     0 | D        | Reached XP level 1. HP: 19/19 MP: 3/3
     2 | D        | Noticed a bag of meat
     2 | D        | Became a worshipper of Makhleb the Destroyer
     3 | D        | Noticed a bag of meat
     4 | D        | Noticed a bag of meat
     5 | D        | Noticed a bag of meat
     5 | D        | Noticed a bag of meat
     5 | D        | Noticed a meat berserker
     9 | D        | Killed a bag of meat
     9 | D        | Reached skill level 27 in Axes
     9 | D        | Reached XP level 2. HP: 24/33 MP: 4/4
     9 | D        | Reached XP level 3. HP: 29/40 MP: 5/5
     9 | D        | Reached XP level 4. HP: 34/48 MP: 6/6
     9 | D        | Reached XP level 5. HP: 38/55 MP: 7/7
     9 | D        | Reached XP level 6. HP: 42/62 MP: 8/8
     9 | D        | Reached XP level 7. HP: 46/69 MP: 9/9
     9 | D        | Reached XP level 8. HP: 50/76 MP: 10/10
     9 | D        | Gained mutation: You passively map the area around you. [Deep Dwarf growth]
     9 | D        | Reached XP level 9. HP: 53/82 MP: 11/11
     9 | D        | Reached XP level 10. HP: 58/91 MP: 12/12
     9 | D        | Reached XP level 11. HP: 61/97 MP: 13/13
     9 | D        | Slain by a meat berserker

Vault maps used:
D:        meatsprint

Action                   |  1- 3 |  4- 6 |  7- 9 | 10-12 || total
-------------------------+-------+-------+-------+-------++-------
Melee: Executioner's axe |     1 |       |       |       ||     1
